Map: Tours du crépuscule

Players

zuka - Winner!

  • Race: Protoss Protoss
  • League: Master

Carpix

  • Race: Zerg Zerg
  • League: Master

VOD

Have the link to the VOD?

Description

Time

  • Played on: Feb. 9, 2016, 2:45 p.m.
  • Length: 10:46
Show
View Real Time Build Order
Export as new Build Order

zuka Protoss - Winner!

Build Orders: Nexus First 

Get SALT Encoding   

  12  0:01  Probe (Chrono Boost)  
  13  0:11  Probe (Chrono Boost)  
  14  0:18  Pylon  
  14  0:22  Probe (Chrono Boost)  
  15  0:36  Probe (Chrono Boost)  
  16  0:47  Probe (Chrono Boost)  
  17  1:01  Nexus  
  17  1:12  Forge  
  17  1:21  Gateway  
  17  1:25  Probe (Chrono Boost)  
  18  1:35  Gateway  
  18  1:45  Photon Cannon  
  18  1:48  Probe (Chrono Boost)  
  19  1:59  Probe (Chrono Boost)  
  19  2:00  Assimilator  
  20  2:06  Assimilator  
  20  2:09  Probe (Chrono Boost)  
  20  2:14  Probe (Chrono Boost)  
  22  2:18  Cybernetics Core  
  22  2:22  Probe (Chrono Boost)  
  23  2:25  Probe (Chrono Boost)  
  24  2:33  Probe (Chrono Boost)  
  24  2:36  Probe (Chrono Boost)  
  26  2:39  Pylon  
  26  2:43  Probe (Chrono Boost)  
  27  2:46  Probe (Chrono Boost)  
  28  2:54  Probe (Chrono Boost)  
  28  2:56  Pylon, Probe (Chrono Boost)  
  30  2:59  Warp Gate (Chrono Boost)  
  30  3:05  Probe  
  31  3:12  Twilight Council  
  32  3:17  Probe  
  32  3:18  Stalker  
  32  3:19  Stalker  
  36  3:20  Probe  
  37  3:29  Probe  
  37  3:30  Probe  
  39  3:41  Probe x2  
  40  3:51  Probe  
  40  3:52  Charge (Chrono Boost)  
  40  3:53  Zealot, Probe  
  44  3:56  Zealot  
  44  4:00  Pylon  
  46  4:14  Pylon  
  46  4:16  Probe  
  46  4:18  Mothership Core  
  49  4:28  Probe  
  50  4:35  Robotics Facility  
  50  4:39  Probe  
  50  4:41  Gateway  
  51  4:46  Gateway  
  51  4:47  Gateway  
  51  4:58  Gateway  
  51  4:59  Gateway  
  50  5:01  Gateway  
  50  5:02  Gateway  
  50  5:07  Zealot x2  
  52  5:13  Assimilator  
  54  5:16  Gateway  
  54  5:18  Pylon  
  54  5:21  Warp Prism (Chrono Boost)  
  56  5:29  Zealot x2  
  60  5:44  Pylon  
  60  5:46  Pylon  
  60  5:47  Pylon  
  60  5:49  Zealot x4  
  68  5:50  Zealot  
  70  6:14  Zealot x2  
  70  6:15  Zealot x4  
  70  6:16  Zealot x2  
  86  6:44  Stalker  
  86  6:45  Stalker x2  
  80  6:56  Stalker  
  80  6:57  Stalker x2  
  80  6:58  Stalker  
  80  7:00  Zealot  
  86  7:08  Zealot  
  86  7:15  Zealot x2  
  90  7:16  Zealot  
  94  7:40  Photon Cannon  
  94  7:41  Photon Cannon  
  88  7:55  Sentry x2  
  88  7:56  Sentry x3  
  90  8:03  Zealot x5  
  82  8:07  Probe  
  82  8:08  Probe  
  84  8:18  Probe  
  85  8:20  Probe  
  85  8:25  Sentry x2  
  90  8:28  Probe  
  91  8:39  Zealot  
  93  8:44  Pylon  
  93  8:46  Pylon  
  93  8:55  Zealot  
  93  9:08  Zealot x4  
  93  9:09  Zealot x2  
  105  10:03  Zealot  
  105  10:04  Zealot  
  109  10:08  Pylon  
  109  10:39  Nexus  
  109  10:42  Pylon  
  109  10:44  Pylon  
Show
View Real Time Build Order
Export as new Build Order

Carpix Zerg 

Build Orders: Pool First 

Get SALT Encoding   

  12  0:01  Drone  
  13  0:23  Spawning Pool  
  13  0:25  Drone  
  13  0:30  Drone  
  14  0:38  Overlord  
  14  0:45  Extractor  
  14  0:46  Drone  
  15  1:10  Zergling x2  
  15  1:11  Zergling x4  
  18  1:23  Hatchery  
  17  1:26  Drone  
  18  1:33  Queen  
  18  1:36  Drone  
  21  1:51  Overlord  
  21  1:59  Drone  
  22  2:12  Drone  
  22  2:22  Drone  
  23  2:23  Extractor  
  22  2:31  Drone  
  23  2:51  Drone x6  
  26  2:52  Queen  
  26  2:58  Overlord  
  31  3:06  Hatchery  
  30  3:16  Drone x3  
  30  3:17  Evolution Chamber  
  32  3:23  Drone x4  
  36  3:37  Overlord  
  36  3:38  Overlord  
  36  3:46  Zergling x4  
  38  3:49  Spore Crawler  
  38  3:51  Spore Crawler  
  38  3:52  Drone x2  
  38  3:53  Drone  
  39  4:12  Zergling x8  
  39  4:13  Zergling x2  
  39  4:14  Pneumatized Carapace  
  44  4:17  Baneling Nest  
  42  4:31  Overlord x2  
  41  4:33  Metabolic Boost  
  41  4:36  Drone x3  
  41  4:37  Drone x2  
  46  4:40  Queen  
  48  4:51  Drone x3  
  48  4:52  Drone x3  
  54  4:57  Spore Crawler  
  53  5:05  Extractor x2  
  51  5:12  Drone x4  
  51  5:13  Drone x6  
  61  5:28  Baneling x5  
  61  5:30  Drone x2  
  61  5:31  Drone x3  
  66  5:45  Overlord x2  
  66  5:54  Baneling x3  
  66  6:00  Zergling x2  
  66  6:01  Zergling x14  
  71  6:12  Zergling x12  
  71  6:33  Zergling x20  
  54  7:08  Zergling x18  
  42  7:14  Hatchery  
  36  7:20  Zergling x8  
  36  7:21  Zergling x2  
  36  7:22  Baneling x4  
  33  7:30  Baneling  
  33  7:31  Baneling x3  
  33  7:32  Baneling x5  
  33  7:33  Baneling x4  
  33  7:34  Zergling x2  
  7  8:07  Hatchery  
  6  8:26  Spawning Pool  
  5  8:32  Drone  
  3  9:06  Drone x3  
  3  9:08  Spawning Pool  
  3  9:31  Drone x2  
  1  10:15  Hatchery  
Tags
 
Add a new tag
Caveats
  • Supply blocks, unpowered buildings, or Contaminate may cause inaccurate times.
  • Supply counts are checked every 10 seconds.